 Dungeon Crawl Stone Soup version 0.18.1-50-g88ac8fd (webtiles) character file.

12653 magog001 the Nimble (level 11, -3/106 HPs)
             Began as a Minotaur Fighter on Mar 21, 2017.
             Was a Believer of Nemelex Xobeh.
             Slain by a troll (8 damage)
             ... on level 1 of the Orcish Mines.
             The game lasted 01:17:01 (11565 turns).

magog001 the Nimble (Minotaur Fighter)             Turns: 11565, Time: 01:17:02

Health: -3/106     AC: 19    Str: 26    XL:     11   Next: 65%
Magic:  10/10      EV: 17    Int:  8    God:    Nemelex Xobeh [**....]
Gold:   780        SH: 16    Dex: 14    Spells: 0 memorised, 10 levels left

rFire  . . .     SeeInvis .     n - +0 mace (protect)
rCold  . . .     Gourm    .     L - +3 leather armour {rN+}
rNeg   + . .     Faith    .     c - +3 shield
rPois  .         Spirit   .     W - +1 hat
rElec  .         Dismiss  .     E - +2 cloak "Guefitaj" {Str-3 Int+3 Dex+2}
rCorr  .         Reflect  .     (no gloves)
SustAt .         Harm     .     (no boots)
MR     .....                    (no amulet)
Stlth  ++........               O - +3 ring of protection
                                i - +5 ring of strength

@: not resistant to hostile enchantments, unstealthy
A: retaliatory headbutt, hooves 1, horns 2, agile 1, robust 1
a: Renounce Religion


You were on level 1 of the Orcish Mines.
You worshipped Nemelex Xobeh.
Nemelex Xobeh was pleased with you.
You were not hungry.

You visited 2 branches of the dungeon, and saw 12 of its levels.
You also visited: Ossuary.

You collected 780 gold pieces.

Inventory:

Hand Weapons
 n - a +0 mace of protection (weapon)
 w - a +0 blowgun
Missiles
 l - 62 poisoned needles
 v - 7 needles of sleeping
 U - 8 tomahawks (quivered)
 V - 4 javelins of penetration
Armour
 c - a +3 shield (worn)
 E - the +2 cloak "Guefitaj" (worn) {Str-3 Int+3 Dex+2}
   (You found it on level 6 of the Dungeon)

   It affects your strength (-3).
   It affects your intelligence (+3).
   It affects your dexterity (+2).
 L - a +3 leather armour of positive energy (worn)
 W - a +1 hat (worn)
Jewellery
 i - a +5 ring of strength (left hand)
 O - a +3 ring of protection (right hand)
Wands
 j - a wand of disintegration (11/24)
 t - a wand of disintegration (0/24)
 z - a wand of lightning (5/15)
 A - a wand of iceblast (8/15)
 F - a wand of random effects (31/48)
 G - a wand of acid (0/15)
 I - a wand of acid (7/15)
 N - a wand of acid (5/15)
Scrolls
 b - 2 scrolls of enchant armour
 e - 2 scrolls of amnesia
 o - 2 scrolls of teleportation
 x - 2 scrolls of recharging
 P - a scroll of identify
 T - a scroll of holy word {unknown}
Potions
 a - a potion of invisibility
 d - 2 potions of might
 h - a potion of ambrosia {unknown}
 q - a potion of brilliance {unknown}
 s - a potion of flight {unknown}
 D - 2 potions of berserk rage
 Q - a potion of lignification {unknown}
 R - a potion of agility {unknown}
Books
 H - a book of Cantrips

   Spells                             Type                      Level
   a - Corona                         Hexes                        1
   b - Animate Skeleton               Necromancy                   1
   c - Summon Small Mammal            Summoning                    1
   d - Apportation                    Translocation                1
Miscellaneous
 m - a plain deck of war {drawn: 1}
 C - a plain deck of destruction
 J - a plain deck of destruction
 Y - a plain deck of destruction
Comestibles
 f - 8 bread rations
 k - 2 meat rations
 r - 6 beef jerkies
 B - 12 fruits
 K - a slice of pizza
 M - 9 royal jellies


   Skills:
 * Level 9.5 Fighting
   Level 2.9(5.8) Axes
 + Level 7.8(8.1) Maces & Flails
 * Level 10.4 Armour
 * Level 11.2 Dodging
 + Level 2.1 Stealth
 + Level 10.6 Shields
 + Level 1.0 Evocations


You had 10 spell levels left.
You didn't know any spells.

Dungeon Overview and Level Annotations

Branches:
Dungeon (10/15)            Temple (0/1) D:7             Orc (2/2) D:9
    Elf (0/3) Orc:2
   Lair: D:8-11

Altars:
Ashenzari
Elyvilon
Fedhas
Nemelex Xobeh
Okawaru
Qazlal
Sif Muna
Trog
Xom

Shops:
Orc:2 [


Innate Abilities, Weirdness & Mutations

You reflexively headbutt those who attack you in melee.
You have a pair of horns on your head.
You have large cloven feet.
You are agile. (Dex +2)
You are robust (+10% HP).


Message History

The orc wizard barely misses you.
The orc wizard gestures at you while chanting.
You easily resist.
The orc wizard gestures at you while chanting.
The magic dart hits you! The orc wizard misses you.
The orc warrior hits you with a hand axe!
* * * LOW HITPOINT WARNING * * *
You block the orc wizard's attack. You block the troll's attack.
The troll misses you. The troll barely misses you.
The orc wizard hits you but does no damage.
The orc warrior hits you with a hand axe.
* * * LOW HITPOINT WARNING * * *
You block the troll's attack. The troll claws you!
* * * LOW HITPOINT WARNING * * *
You block the troll's attack. You block the orc's attack.
You block the orc wizard's attack. You block the troll's attack.
The troll claws you!
You die...
Your body disappears without a glow.

*.....#####**####..#
*#........##≈,......
#.........≈≈≈,..$..
*#.......#*****....
##..#.#*** ##...
#....#### ##3o$.
##....o4.######oo...
#..oTOo#..3.#.#.o...
##.@#o.##.o.#.#ooo..
#......o.o...o....#
#.....##.#..o....##
##$...####.....###
###.## #.##.### ###
##*##.# *##


You could see a hellwing, a troll, 2 orc warriors, an ogre, an orc wizard and 2
orcs.

Vanquished Creatures
  Gastronok (D:9)
  3 orc high priests (Orc:2)
  An orc knight (Orc:1)
  An orc sorcerer (Orc:2)
  A manticore (Orc:2)
  A troll (Orc:2)
  2 two-headed ogres
  A tarantella (Orc:2)
  5 yaks (D:9)
  Eustachio (D:5)
  Grum (D:8)
  A hippogriff (D:9)
  A hungry ghost (D:7)
  2 soldier ants (D:9)
  A water moccasin (D:9)
  An ice beast (D:5)
  12 orc warriors
  2 phantoms (D:6)
  A black bear (D:5)
  8 ogres
  A necrophage (D:9)
  4 wolves
  4 centaurs
  A crocodile (D:8)
  A big kobold (D:7)
  4 giant frogs
  3 scorpions
  2 howler monkeys (D:7)
  3 bog bodies (Ossuary)
  6 crimson imps
  3 jellies
  A wasp zombie (Ossuary)
  A centaur zombie (Ossuary)
  A giant frog skeleton (D:4)
  7 orc priests
  A centaur skeleton (D:4)
  3 giant frog zombies (Ossuary)
  A hound (D:7)
  11 orc wizards
  Jessica (D:6)
  Natasha (twice) (D:2)
  3 iguanas
  A hell rat (Orc:2)
  9 worker ants
  2 killer bee zombies
  3 hound zombies (Ossuary)
  10 mummies (Ossuary)
  Robin (D:3)
  3 worker ant zombies
  11 adders
  3 shadow imps
  3 adder skeletons
  A worm (D:2)
  2 dart slugs
  6 giant geckos
  42 orcs
  9 bats
  2 giant cockroaches
  11 goblins
  5 hobgoblins
  6 jackals
  2 quokkas
  4 ball pythons
  A giant cockroach zombie (Ossuary)
  2 giant gecko zombies (Ossuary)
  5 giant newts
  2 jackal zombies (Ossuary)
  8 kobolds
  2 quokka zombies (Ossuary)
  2 rats (D:1)
269 creatures vanquished.

Vanquished Creatures (collateral kills)
  An orc knight (Orc:2)
1 creature vanquished.

Vanquished Creatures (others)
  An ogre (D:4)
  A ball python (D:4)
  A giant newt (D:4)
  3 plants (D:2)
6 creatures vanquished.

Grand Total: 276 creatures vanquished

Notes
Turn   | Place    | Note
--------------------------------------------------------------
     0 | D:1      | magog001 the Minotaur Fighter began the quest for the Orb.
     0 | D:1      | Reached XP level 1. HP: 19/19 MP: 0/0
   171 | D:1      | Reached XP level 2. HP: 27/27 MP: 1/1
   556 | D:1      | Reached XP level 3. HP: 28/33 MP: 2/2
   759 | D:2      | Found a shattered altar of Ashenzari.
   764 | D:2      | Saw a vision of the Swamp and the Spider Nest.
   764 | D:2      | Noticed an alligator
   764 | D:2      | Noticed an alligator
   764 | D:2      | Noticed a redback
   764 | D:2      | Noticed a redback
   764 | D:2      | Noticed an alligator
   764 | D:2      | Noticed a redback
   764 | D:2      | Noticed a redback
   764 | D:2      | Noticed a swamp drake
   764 | D:2      | Noticed a swamp drake
   764 | D:2      | Noticed a swamp drake
   764 | D:2      | Noticed a wolf spider
   764 | D:2      | Noticed a scorpion
   766 | D:2      | Noticed a wasp
   768 | D:2      | Noticed a wolf spider
   769 | D:2      | Noticed a redback
   870 | D:2      | Noticed Natasha
   891 | D:2      | Killed Natasha
   891 | D:2      | Reached XP level 4. HP: 10/41 MP: 3/3
   930 | D:2      | Noticed Natasha
   933 | D:2      | Killed Natasha
   933 | D:2      | Reached skill level 1 in Dodging
  1240 | D:2      | Found a white marble altar of Elyvilon.
  1255 | D:2      | Gained mutation: You are agile. (Dex +2) [potion of mutation]
  1255 | D:2      | Gained mutation: You are robust (+10% HP). [potion of mutation]
  1255 | D:2      | Gained mutation: You have large cloven feet. [potion of mutation]
  1929 | D:3      | Found an iron altar of Okawaru.
  1929 | D:3      | Found a bloodstained altar of Trog.
  1948 | D:3      | Noticed Robin
  1959 | D:3      | Killed Robin
  1959 | D:3      | Reached XP level 5. HP: 41/51 MP: 4/4
  1962 | D:3      | Reached skill level 5 in Shields
  2647 | D:4      | You fall through a shaft for 3 floors!
  2647 | D:7      | Found a staircase to the Ecumenical Temple.
  2654 | D:7      | Reached skill level 5 in Fighting
  2654 | D:7      | Reached skill level 2 in Dodging
  2654 | D:7      | Reached skill level 5 in Armour
  2654 | D:7      | Reached XP level 6. HP: 61/61 MP: 5/5
  2674 | D:7      | Reached skill level 1 in Maces & Flails
  2972 | D:7      | Found a sparkling altar of Nemelex Xobeh.
  2988 | D:7      | Reached XP level 7. HP: 59/67 MP: 6/6
  3006 | D:7      | Became a worshipper of Nemelex Xobeh the Trickster
  3285 | D:6      | Received a gift from Nemelex Xobeh
  3287 | D:6      | Found a sparkling altar of Nemelex Xobeh.
  3354 | D:6      | Got a steaming cloak
  3365 | D:6      | Identified the +2 cloak "Guefitaj" {Str-3 Int+3 Dex+2} (You found it on level 6 of the Dungeon)
  3379 | D:6      | Reached skill level 3 in Dodging
  3413 | D:6      | Noticed Jessica
  3421 | D:6      | Killed Jessica
  3430 | D:6      | Found a deep blue altar of Sif Muna.
  3505 | D:5      | Entered Level 5 of the Dungeon
  3505 | D:5      | Reached * piety under Nemelex Xobeh
  3841 | D:4      | Reached XP level 8. HP: 77/77 MP: 7/7
  3974 | D:4      | Received a gift from Nemelex Xobeh
  4133 | D:4      | Found a shimmering altar of Xom.
  4469 | D:5      | Noticed Eustachio
  4572 | D:5      | Killed Eustachio
  4641 | D:5      | Reached skill level 5 in Maces & Flails
  5042 | D:5      | Received a gift from Nemelex Xobeh
  5248 | D:6      | Reached skill level 4 in Dodging
  5466 | D:6      | Found a bloodstained altar of Trog.
  5572 | D:7      | Reached ** piety under Nemelex Xobeh
  5618 | D:7      | Reached XP level 9. HP: 82/85 MP: 8/8
  5788 | D:7      | Reached skill level 5 in Dodging
  6240 | D:8      | Found a sand-covered staircase.
  6247 | Ossuary  | Entered an ossuary
  6250 | Ossuary  | Received a gift from Nemelex Xobeh
  6383 | Ossuary  | Reached skill level 6 in Dodging
  6434 | Ossuary  | Reached skill level 1 in Stealth
  7279 | D:9      | Found a staircase to the Orcish Mines.
  7280 | D:9      | Noticed Grum
  7303 | D:8      | Reached skill level 7 in Dodging
  7426 | D:8      | Reached XP level 10. HP: 79/96 MP: 9/9
  7437 | D:8      | Killed Grum
  8429 | D:9      | Noticed Gastronok
  8456 | D:9      | Killed Gastronok
  8456 | D:9      | Reached skill level 9 in Dodging
  8728 | D:9      | Found a blossoming altar of Fedhas.
  8784 | D:9      | Found a stormy altar of Qazlal.
  9056 | D:9      | Received a gift from Nemelex Xobeh
  9188 | D:10     | Entered Level 10 of the Dungeon
  9229 | Orc:1    | Entered Level 1 of the Orcish Mines
  9374 | D:9      | Reached skill level 10 in Dodging
  9374 | D:9      | Reached XP level 11. HP: 77/104 MP: 10/10
  9582 | Orc:2    | Entered Level 2 of the Orcish Mines
  9645 | Orc:2    | Noticed an orc sorcerer
  9648 | Orc:2    | Noticed an orc knight
  9649 | Orc:2    | Noticed an orc knight
  9669 | Orc:2    | Killed an orc sorcerer
  9670 | Orc:2    | Noticed an orc sorcerer
  9671 | Orc:2    | Noticed a soul eater
  9688 | Orc:2    | Killed an orc knight
  9688 | Orc:2    | Reached skill level 10 in Shields
  9691 | Orc:2    | Noticed an orc high priest
  9706 | Orc:2    | Noticed a soul eater
  9716 | Orc:2    | Noticed a sun demon
  9716 | Orc:2    | a soul eater changed into a sun demon
  9716 | Orc:2    | an orc knight changed into a tarantella
  9716 | Orc:2    | an orc sorcerer changed into a manticore
  9737 | Orc:2    | Reached skill level 10 in Armour
  9783 | Orc:2    | Killed an orc high priest
  9783 | Orc:2    | Reached skill level 1 in Evocations
  9965 | Orc:2    | Noticed an orc high priest
  9980 | Orc:2    | Noticed an orc high priest
  9982 | Orc:2    | Noticed an orc knight
  9990 | Orc:2    | Found Newurext's Armour Shop.
 10071 | Orc:2    | Noticed an orc knight
 10076 | Orc:2    | Found a staircase to the Elven Halls.
 10321 | Orc:2    | Reached *** piety under Nemelex Xobeh
 10410 | Orc:1    | Killed an orc knight
 11088 | Orc:2    | Killed an orc high priest
 11088 | Orc:2    | Reached skill level 11 in Dodging
 11365 | Orc:2    | Killed an orc high priest
 11372 | Orc:2    | Noticed an orc knight
 11373 | Orc:2    | Noticed an orc sorcerer
 11411 | Orc:2    | Noticed a sun demon
 11545 | Orc:1    | Noticed an orc sorcerer
 11546 | Orc:1    | Noticed a soul eater
 11564 | Orc:1    | HP: 5/106 [troll (11)]
 11565 | Orc:1    | Slain by a troll

Skill      XL: |  1  2  3  4  5  6  7  8  9 10 11 |
---------------+----------------------------------+-----
Shields        | 4 5 6 8 9 10 | 10.6
Fighting       | 4 5 6 8 9 |  9.5
Armour         | 4 5 6 7 8 9 10 | 10.4
Dodging        | 1 2 3 4 7 10 11 | 11.2
Maces & Flails | 2 3 5 6 7 |  7.8
Stealth        | 1 2 |  2.1
Evocations     | 1 |  1.0
Axes           | |  2.9

Action                   |  1- 3 |  4- 6 |  7- 9 | 10-12 || total
-------------------------+-------+-------+-------+-------++-------
Melee: War axe           |    98 |     9 |       |       ||   107
       Headbutt          |    10 |    18 |   130 |   134 ||   292
       Mace              |       |    87 |   498 |   410 ||   995
       Kick              |       |    26 |   184 |   201 ||   411
Evoke: Wand              |       |       |       |    28 ||    28
       Deck              |       |       |       |     6 ||     6
  Use: Scroll            |     5 |     8 |    12 |     9 ||    34
       Potion            |       |     1 |     2 |     8 ||    11
 Stab: Sleeping          |       |       |     2 |       ||     2
       Distracted        |       |       |     1 |       ||     1
       Petrifying        |       |       |       |     2 ||     2
       Petrified         |       |       |       |     1 ||     1
  Eat: Chunk             |       |     5 |    10 |     4 ||    19
       Beef jerky        |       |     1 |       |       ||     1
       Pizza             |       |       |     2 |       ||     2
       Meat ration       |       |       |     1 |     2 ||     3
Armor: Scale mail        |    17 |       |       |       ||    17
       Chain mail        |    42 |    50 |   112 |       ||   204
       Leather armour    |       |       |    82 |   111 ||   193
Dodge: Dodged            |    24 |    22 |   167 |   238 ||   451
Block: Shield            |    61 |    64 |   339 |   396 ||   860
